Map: [ESL] Hard Lead

Players

ShoWTimE - Winner!

  • Race: Protoss Protoss
  • League: Diamond
  • Spawn Location: 5:00

Reynor

  • Race: Zerg Zerg
  • Spawn Location: 11:00

Event: IEM Katowice 2024

VOD

Have the link to the VOD?

Description

Time

  • Played on: Feb. 8, 2024, 1:26 p.m.
  • Length: 25:44

All games in this series

Show
View Real Time Build Order
Export as new Build Order

ShoWTimE Protoss - Winner!

Build Orders: 1 Gate Expand, Oracle Opening, Carriers 

Get SALT Encoding   

  12  0:00  Probe  
  13  0:12  Probe  
  14  0:20  Pylon  
  14  0:24  Probe  
  15  0:38  Probe (Chrono Boost)  
  15  0:40  Gateway  
  16  0:48  Probe (Chrono Boost)  
  16  0:49  Assimilator  
  17  0:52  Probe (Chrono Boost)  
  18  1:04  Probe  
  19  1:16  Probe  
  20  1:26  Nexus  
  20  1:35  Cybernetics Core  
  20  1:38  Probe  
  21  1:44  Assimilator  
  21  1:50  Probe  
  21  1:53  Pylon  
  22  2:03  Probe  
  23  2:08  Adept (Chrono Boost)  
  23  2:15  Probe  
  26  2:25  Stargate  
  26  2:27  Probe (Chrono Boost)  
  26  2:28  Adept (Chrono Boost)  
  27  2:37  Warp Gate  
  29  2:38  Probe (Chrono Boost)  
  31  2:45  Probe (Chrono Boost)  
  31  2:48  Probe (Chrono Boost)  
  31  2:51  Adept  
  33  2:52  Probe (Chrono Boost)  
  33  2:53  Probe (Chrono Boost)  
  36  2:58  Pylon  
  36  3:03  Probe  
  36  3:04  Probe  
  38  3:06  Oracle (Chrono Boost)  
  41  3:15  Probe  
  41  3:17  Probe  
  43  3:21  Adept  
  45  3:27  Probe  
  45  3:29  Probe  
  47  3:38  Gateway, Oracle (Chrono Boost)  
  47  3:39  Probe  
  49  3:44  Pylon, Probe  
  50  3:51  Probe  
  51  3:56  Probe  
  52  4:04  Probe  
  52  4:07  Oracle (Chrono Boost)  
  52  4:08  Probe  
  57  4:12  Nexus  
  57  4:14  Pylon  
  57  4:16  Pylon, Probe  
  58  4:23  Assimilator, Probe  
  59  4:25  Assimilator  
  59  4:28  Probe  
  60  4:34  Stalker  
  60  4:35  Stalker  
  64  4:38  Probe, Pylon  
  64  4:40  Probe  
  66  4:50  Probe  
  66  4:52  Forge, Probe  
  68  4:53  Twilight Council  
  68  4:59  Adept x2  
  72  5:02  Probe  
  72  5:04  Probe  
  74  5:15  Gateway, Probe  
  74  5:16  Probe (Chrono Boost)  
  74  5:18  Gateway  
  74  5:20  Shield Battery  
  76  5:23  Protoss Ground Weapons Level 1, Stalker  
  76  5:24  Probe (Chrono Boost)  
  76  5:27  Probe (Chrono Boost)  
  76  5:34  Probe (Chrono Boost), Adept  
  76  5:35  Probe (Chrono Boost)  
  76  5:38  Blink (Chrono Boost), Probe (Chrono Boost)  
  76  5:42  Photon Cannon  
  77  5:50  Shield Battery  
  77  5:52  Photon Cannon, Stalker  
  77  5:54  Probe  
  80  5:58  Probe  
  80  5:59  Pylon  
  80  6:01  Stalker  
  83  6:04  Probe  
  83  6:06  Probe  
  83  6:08  Assimilator  
  83  6:10  Assimilator, Probe  
  86  6:12  Pylon  
  86  6:13  Stalker x2  
  86  6:15  Pylon  
  86  6:17  Templar Archives  
  90  6:20  Stalker  
  92  6:28  Probe  
  92  6:31  Pylon  
  93  6:35  Gateway  
  93  6:36  Gateway  
  93  6:37  Stalker  
  94  6:45  Psionic Storm, Stalker  
  96  6:49  Nexus  
  96  6:54  Photon Cannon  
  96  6:56  Shield Battery  
  96  6:59  Probe x2  
  98  7:06  Nexus, Probe  
  98  7:07  High Templar x2  
  99  7:11  Probe  
  99  7:12  Gateway  
  99  7:13  Gateway  
  100  7:17  Robotics Facility  
  100  7:22  Protoss Ground Weapons Level 2 (Chrono Boost)  
  100  7:23  Pylon, Probe x2  
  100  7:24  High Templar  
  100  7:26  Shield Battery  
  104  7:30  Robotics Facility  
  104  7:35  Photon Cannon  
  104  7:39  Photon Cannon  
  104  7:48  High Templar, Photon Cannon  
  104  7:51  Photon Cannon, Probe x2  
  106  7:52  Probe  
  106  7:53  Shield Battery  
  106  7:54  Assimilator  
  106  7:58  Assimilator, Forge  
  109  8:03  Probe x2  
  109  8:04  Probe  
  112  8:09  Photon Cannon  
  112  8:11  Phoenix  
  114  8:12  Stalker x2  
  114  8:18  Probe x3  
  122  8:20  Observer (Chrono Boost)  
  122  8:21  Immortal (Chrono Boost)  
  122  8:27  High Templar x2  
  130  8:29  Probe  
  130  8:30  Protoss Ground Armor Level 1 (Chrono Boost)  
  130  8:31  Probe  
  132  8:34  Pylon  
  132  8:39  Zealot x4  
  140  8:44  Gateway  
  140  8:48  Gateway  
  140  8:53  High Templar x2  
  140  8:54  Immortal  
  148  8:59  Photon Cannon  
  148  9:01  Zealot x3  
  154  9:16  Immortal  
  156  9:24  Pylon  
  156  9:25  Pylon  
  156  9:27  Gateway, Pylon  
  156  9:30  Gateway  
  156  9:31  Gateway  
  156  9:33  Gateway  
  156  9:35  Charge (Chrono Boost)  
  156  9:42  Protoss Air Weapons Level 1 (Chrono Boost), Immortal  
  160  9:48  Fleet Beacon, Protoss Ground Weapons Level 3  
  160  9:49  Stargate  
  160  9:51  Stargate  
  160  9:52  Photon Cannon, Pylon  
  160  10:06  Immortal  
  164  10:08  Photon Cannon  
  164  10:12  Shield Battery  
  164  10:13  Pylon  
  168  10:21  Immortal  
  168  10:26  Pylon  
  168  10:28  Pylon  
  168  10:30  Zealot x3  
  168  10:31  Photon Cannon  
  172  10:36  Zealot x3, Photon Cannon  
  178  10:45  Immortal  
  180  10:54  Carrier (Chrono Boost)  
  182  10:58  Zealot x2  
  182  11:00  Carrier (Chrono Boost), Immortal  
  182  11:03  Carrier (Chrono Boost)  
  198  11:17  Stalker  
  193  11:38  Zealot  
  193  11:39  Zealot x5  
  197  11:52  Nexus  
  184  11:54  Shield Battery  
  184  12:00  Zealot x3  
  184  12:01  Zealot x7  
  196  12:09  Carrier (Chrono Boost)  
  196  12:13  Carrier (Chrono Boost)  
  189  12:17  Zealot x2  
  196  12:27  Zealot x3  
  196  12:28  Protoss Air Weapons Level 2 (Chrono Boost)  
  181  12:30  Zealot x2  
  181  12:34  High Templar x2  
  181  12:35  High Templar x2  
  186  12:38  Probe  
  186  12:43  Archon x2  
  186  12:44  Zealot x2  
  184  12:46  Probe  
  186  12:53  Probe x3  
  189  12:58  Probe  
  189  13:01  Zealot x2  
  193  13:08  Zealot  
  195  13:18  Photon Cannon  
  195  13:21  Protoss Ground Armor Level 2 (Chrono Boost)  
  195  13:28  Pylon  
  189  13:39  Nexus  
  189  13:43  Pylon  
  189  13:53  High Templar  
  189  13:54  High Templar x5  
  199  13:59  Archon x3  
  190  14:09  Zealot x5  
  186  14:17  High Templar  
  188  14:26  Zealot x3  
  188  14:30  Zealot  
  189  14:31  Observer  
  169  14:47  High Templar x3  
  175  14:53  Probe x4  
  175  14:54  Probe  
  180  15:00  High Templar x5  
  180  15:01  High Templar  
  180  15:05  Archon, Probe x2 (Chrono Boost)  
  180  15:06  Archon x2  
  194  15:08  Shield Battery  
  194  15:14  Probe x2 (Chrono Boost)  
  197  15:17  Probe x2 (Chrono Boost)  
  197  15:19  Probe (Chrono Boost)  
  199  15:23  Probe (Chrono Boost)  
  198  15:29  High Templar  
  198  15:34  Protoss Air Armor Level 1 (Chrono Boost)  
  196  15:41  Protoss Shields Level 1 (Chrono Boost)  
  196  15:45  High Templar x2  
  200  15:50  Archon  
  198  15:59  Assimilator  
  198  16:02  Assimilator  
  193  16:11  Observer  
  193  16:13  High Templar x3  
  193  16:17  Archon  
  199  16:21  Photon Cannon, Protoss Ground Armor Level 3 (Chrono Boost)  
  199  16:26  Observer  
  199  16:29  Nexus  
  189  16:48  High Templar x5  
  189  16:52  Archon x2  
  199  16:58  Observer (Chrono Boost)  
  200  17:08  Pylon  
  200  17:32  Assimilator  
  196  17:57  Photon Cannon  
  192  18:01  Observer  
  192  18:02  Observer  
  192  18:05  High Templar x4  
  174  18:06  High Templar x4  
  174  18:07  Zealot x4  
  158  18:13  Archon  
  158  18:14  Archon x2  
  158  18:15  Carrier (Chrono Boost), Archon  
  158  18:16  Carrier x2 (Chrono Boost)  
  168  18:20  Immortal x2 (Chrono Boost)  
  176  18:29  Photon Cannon  
  176  18:31  Photon Cannon  
  176  18:33  Photon Cannon  
  176  18:35  Photon Cannon, Probe x3  
  176  18:36  Probe  
  176  18:37  Pylon  
  176  18:38  Zealot x6  
  176  18:39  Zealot x3  
  176  18:41  Probe  
  196  18:49  Zealot x2  
  198  19:12  Zealot x2  
  192  19:51  Zealot x5  
  199  20:06  Zealot x2  
  199  20:13  High Templar x2  
  199  20:14  High Templar x3  
  200  20:19  High Templar x2  
  200  20:20  Archon x2  
  199  20:32  Cybernetics Core  
  199  20:34  Pylon  
  194  20:40  Assimilator  
  194  20:41  Assimilator  
  191  21:13  Gateway  
  191  21:16  Gateway  
  183  21:19  Gateway  
  183  21:21  Gateway  
  183  21:25  Gateway  
  183  21:31  Gateway  
  168  22:18  Pylon  
  168  22:23  Pylon  
  168  22:24  Pylon  
  162  23:11  Observer x3  
  154  23:45  Nexus  
  153  23:48  Pylon  
  153  23:52  Pylon  
  153  23:53  Pylon  
  153  23:55  Pylon  
  153  23:58  Pylon  
  153  23:59  Pylon  
  153  24:02  Pylon  
  153  24:06  Pylon  
  153  24:07  Pylon  
  153  24:17  Nexus  
  152  24:57  Probe  
  153  25:00  Shield Battery  
  153  25:02  Nexus  
  153  25:03  Pylon  
  153  25:04  High Templar x7  
  167  25:09  Archon x3  
  167  25:16  Pylon  
  167  25:17  Pylon  
  167  25:19  Pylon  
  167  25:20  Shield Battery  
  167  25:21  Probe  
Show
View Real Time Build Order
Export as new Build Order

Reynor Zerg 

Build Orders: Hatch First, Lurkers 

Get SALT Encoding   

  12  0:00  Drone  
  13  0:12  Overlord  
  13  0:17  Drone  
  14  0:30  Drone x2  
  16  0:41  Drone  
  17  0:51  Hatchery  
  17  0:54  Drone  
  17  0:58  Drone  
  18  1:10  Extractor  
  17  1:13  Spawning Pool  
  17  1:16  Drone  
  17  1:19  Drone  
  18  1:28  Drone  
  19  1:38  Drone  
  20  1:49  Overlord  
  20  1:59  Queen  
  22  2:03  Drone x2, Queen  
  26  2:12  Zergling x2  
  26  2:14  Drone, Metabolic Boost  
  28  2:22  Drone  
  29  2:25  Zergling x2  
  30  2:33  Drone  
  31  2:38  Queen  
  31  2:43  Zergling x2  
  34  2:46  Hatchery  
  34  2:49  Overlord  
  33  2:53  Drone  
  33  2:56  Zergling x2  
  33  2:57  Zergling x2  
  36  3:07  Queen  
  36  3:08  Overlord  
  36  3:10  Drone  
  36  3:11  Drone  
  40  3:14  Zergling x2  
  40  3:15  Drone  
  40  3:19  Drone  
  43  3:23  Drone  
  42  3:27  Spore Crawler  
  42  3:29  Drone  
  42  3:32  Drone  
  43  3:39  Queen  
  44  3:42  Drone  
  44  3:43  Drone  
  44  3:46  Drone  
  44  3:48  Drone  
  48  3:49  Drone  
  48  3:53  Overlord  
  49  3:59  Spore Crawler  
  49  4:00  Drone  
  49  4:03  Queen  
  49  4:05  Drone  
  54  4:10  Drone x2  
  54  4:13  Drone x2  
  56  4:17  Spore Crawler  
  56  4:19  Queen  
  56  4:22  Overlord  
  57  4:26  Drone x2  
  57  4:30  Drone  
  60  4:31  Zergling x4  
  60  4:33  Overlord  
  60  4:36  Drone  
  63  4:40  Drone x2  
  63  4:42  Overlord  
  63  4:44  Drone  
  67  4:45  Drone  
  67  4:53  Drone x5  
  67  4:55  Evolution Chamber  
  67  4:57  Drone x2  
  73  5:00  Overlord  
  73  5:02  Drone  
  73  5:03  Drone  
  74  5:08  Spore Crawler  
  74  5:09  Drone  
  74  5:11  Drone  
  74  5:14  Overlord  
  74  5:15  Drone  
  74  5:18  Zergling x2  
  74  5:19  Zergling x2  
  78  5:24  Zergling x4  
  78  5:25  Drone x5  
  82  5:31  Zergling x2  
  82  5:33  Drone x2  
  82  5:37  Extractor  
  82  5:38  Hatchery  
  82  5:39  Roach Warren  
  82  5:40  Zerg Missile Weapons Level 1  
  82  5:41  Drone  
  82  5:42  Drone  
  81  5:43  Drone  
  81  5:44  Drone x2  
  81  5:49  Lair, Spore Crawler  
  83  5:53  Overlord  
  83  5:57  Zergling x10  
  83  5:59  Drone x2  
  89  6:08  Drone x4  
  89  6:10  Drone, Extractor  
  93  6:11  Extractor  
  93  6:14  Zergling x4  
  94  6:24  Overlord  
  94  6:25  Zergling x12  
  100  6:26  Overlord  
  100  6:31  Overlord  
  100  6:32  Extractor  
  99  6:34  Extractor  
  99  6:36  Zergling x8  
  99  6:38  Overlord  
  102  6:41  Overlord  
  102  6:47  Zergling x6  
  104  6:54  Roach x2  
  104  6:55  Zergling x6, Roach x2  
  104  6:56  Drone  
  104  6:58  Spire  
  104  6:59  Roach x2  
  120  7:01  Roach x2  
  120  7:02  Roach  
  120  7:03  Zergling x2  
  118  7:11  Overlord  
  118  7:12  Drone  
  118  7:13  Drone x2  
  120  7:17  Drone x3  
  120  7:20  Drone  
  120  7:21  Drone x2, Glial Reconstitution  
  120  7:22  Drone x2  
  128  7:25  Infestation Pit, Overlord  
  128  7:26  Zergling x8  
  131  7:35  Drone x2  
  131  7:36  Drone x2  
  135  7:37  Zerg Missile Weapons Level 2, Hatchery  
  135  7:39  Drone x3  
  135  7:43  Extractor  
  136  7:45  Extractor, Drone x4  
  136  7:49  Overlord  
  139  7:56  Drone  
  139  7:57  Drone  
  141  8:00  Overlord  
  141  8:04  Hive  
  141  8:10  Drone  
  141  8:11  Drone  
  143  8:14  Hydralisk Den  
  143  8:16  Drone x7  
  143  8:17  Drone x2  
  143  8:19  Drone x2  
  152  8:21  Evolution Chamber  
  152  8:22  Evolution Chamber  
  152  8:23  Pneumatized Carapace  
  152  8:24  Roach  
  152  8:25  Roach x3  
  158  8:27  Overlord  
  158  8:28  Drone  
  158  8:29  Spore Crawler  
  158  8:37  Overlord  
  158  8:40  Overlord  
  158  8:43  Overseer  
  158  8:46  Drone  
  158  8:47  Drone, Lurker Den  
  159  8:48  Muscular Augments, Lurker Den  
  159  8:50  Zerg Ground Armor Level 1  
  159  8:51  Zerg Melee Weapons Level 1, Hydralisk x8  
  159  8:55  Spore Crawler  
  173  8:56  Extractor  
  173  8:57  Extractor  
  173  9:02  Zergling x8  
  175  9:03  Zergling x6  
  175  9:06  Hydralisk x4  
  175  9:08  Drone x2  
  175  9:09  Roach  
  190  9:10  Zergling x2  
  190  9:12  Overlord  
  187  9:23  Zergling x12  
  192  9:27  Overlord  
  192  9:30  Hydralisk x2  
  194  9:36  Spine Crawler  
  194  9:38  Drone x3, Spine Crawler x2  
  191  9:39  Spine Crawler  
  191  9:41  Zergling x20  
  191  9:42  Zergling x2  
  196  9:47  Seismic Spines  
  196  9:48  Lurker, Adaptive Talons  
  196  9:49  Lurker x2  
  196  9:50  Adrenal Glands  
  199  10:01  Zerg Missile Weapons Level 3  
  199  10:07  Hatchery  
  198  10:15  Lurker x3  
  200  10:22  Zerg Flyer Weapons Level 1  
  200  10:35  Grooved Spines  
  198  10:38  Lurker x4  
  198  10:39  Lurker x3  
  198  10:41  Overseer  
  196  10:43  Nydus Network  
  196  10:44  Overseer  
  196  10:45  Nydus Network  
  189  10:50  Zergling x6  
  189  10:51  Zergling x22  
  189  10:52  Zergling x22  
  189  10:53  Hydralisk x2  
  198  10:58  Overlord  
  195  11:15  Overseer  
  194  11:24  Hydralisk  
  194  11:25  Hydralisk x5  
  192  11:30  Hydralisk x2  
  196  11:35  Hydralisk x4  
  196  11:36  Hydralisk  
  186  11:41  Zergling x30  
  198  11:49  Hydralisk x2, Overseer  
  199  11:58  Zergling x2, Hydralisk x3  
  199  12:01  Overlord  
  196  12:09  Hydralisk x3  
  196  12:10  Hydralisk  
  184  12:17  Viper x2  
  184  12:20  Zergling x20  
  184  12:22  Roach x7  
  198  12:23  Hydralisk  
  189  12:30  Lurker x3  
  189  12:32  Roach x4  
  189  12:36  Zergling x2  
  181  12:44  Hydralisk x7  
  181  12:50  Hydralisk  
  187  12:54  Lurker x5  
  186  13:01  Zergling x6, Hydralisk Den  
  186  13:02  Zergling x6  
  186  13:05  Nydus Canal x2  
  190  13:16  Zergling x10  
  195  13:24  Extractor, Drone x2  
  195  13:25  Extractor, Spore Crawler, Spine Crawler  
  192  13:27  Zerg Flyer Armor Level 1  
  192  13:31  Corruptor x4  
  197  13:36  Zerg Melee Weapons Level 2, Zerg Ground Armor Level 2  
  197  13:48  Hatchery  
  196  13:51  Spine Crawler  
  196  13:52  Spore Crawler  
  196  13:54  Corruptor x3  
  198  14:07  Corruptor x4  
  171  14:11  Hydralisk x8  
  171  14:12  Hydralisk  
  171  14:13  Zergling x8  
  171  14:14  Zergling x22  
  171  14:15  Nydus Canal  
  188  14:18  Zergling x6  
  188  14:20  Zergling x2  
  191  14:25  Lurker  
  191  14:26  Lurker  
  191  14:29  Zergling x6  
  195  14:32  Zergling x2  
  176  14:38  Hydralisk x3  
  176  14:42  Hydralisk  
  158  14:46  Queen  
  158  14:48  Roach x5  
  168  14:54  Lurker x2  
  168  14:56  Hydralisk  
  168  14:57  Hydralisk  
  174  15:02  Hatchery  
  174  15:04  Lurker, Hatchery  
  174  15:05  Zergling x6, Spine Crawler  
  174  15:06  Spine Crawler  
  174  15:13  Lurker x2  
  176  15:14  Zergling x8  
  180  15:23  Nydus Canal  
  180  15:26  Lurker x2  
  180  15:28  Zergling x24  
  190  15:34  Hydralisk  
  192  15:36  Nydus Canal  
  192  15:38  Zergling x4  
  192  15:40  Lurker x2  
  188  15:59  Nydus Canal  
  188  16:02  Lurker x4  
  192  16:09  Hydralisk  
  192  16:10  Hydralisk  
  192  16:11  Hydralisk x2  
  200  16:22  Spore Crawler  
  195  16:39  Hydralisk x12  
  189  16:52  Lurker x2  
  189  16:53  Lurker  
  192  16:55  Zergling x16  
  199  17:15  Lurker x2  
  199  17:40  Lurker x3  
  199  17:41  Lurker  
  199  17:46  Overseer  
  199  17:48  Lurker x3  
  194  18:01  Zergling x24  
  194  18:02  Hydralisk  
  194  18:03  Zergling x30  
  174  18:06  Hydralisk x3, Queen  
  174  18:07  Hydralisk x3  
  174  18:10  Hydralisk  
  159  18:13  Hydralisk x2  
  159  18:18  Hydralisk x3  
  168  18:21  Hydralisk  
  170  18:28  Hydralisk x2  
  170  18:33  Hydralisk  
  176  18:35  Hydralisk  
  177  18:46  Hydralisk x3  
  183  18:51  Hydralisk x2  
  187  19:02  Hydralisk x4  
  194  19:12  Hydralisk x3  
  195  19:36  Hydralisk x2  
  191  19:47  Overlord x4  
  188  20:06  Overlord  
  188  20:07  Overlord  
  182  20:10  Overlord  
  171  20:18  Overlord  
  168  20:24  Hatchery  
  168  20:27  Overlord x2  
  148  20:38  Overlord  
  142  21:02  Overseer  
  98  22:09  Overseer  
  98  22:25  Hydralisk  
  98  22:27  Overlord  
  100  22:34  Overlord  
  96  22:45  Spawning Pool  
  95  22:57  Drone x2  
  97  23:04  Overseer  
  95  23:12  Overlord  
  95  23:15  Overlord  
  84  23:23  Drone  
  77  23:32  Drone  
  77  23:33  Queen  
  78  23:34  Spore Crawler  
  78  23:35  Spore Crawler  
  76  23:42  Drone  
  77  23:53  Drone  
  78  23:55  Spore Crawler  
  78  23:58  Spore Crawler  
  76  24:03  Drone  
  77  24:10  Lair  
  77  24:11  Spore Crawler  
  77  24:14  Spore Crawler  
  75  24:18  Drone  
  76  24:27  Drone  
  72  24:35  Drone  
  69  24:40  Drone x3  
  69  24:41  Extractor  
  71  24:47  Drone  
  72  24:57  Overlord  
  72  25:08  Extractor, Drone  
  72  25:14  Hydralisk Den  
  71  25:16  Drone x2, Infestation Pit  
  71  25:17  Drone  
  72  25:28  Drone  

Tags
 
Add a new tag
Caveats
  • Supply blocks, unpowered buildings, or Contaminate may cause inaccurate times.
  • Supply counts are checked every 10 seconds.